 Dungeon Crawl Stone Soup version 0.32-a0-616-g9348d4545b (webtiles) character file.

Game seed: 14357639291550405405

54 runemasterragnar the Chopper (level 3, -1/28 HPs)
             Began as a Coglin Gladiator on Mar 6, 2024.
             Slain by a cerulean imp
             ... wielding a +1 spear
             ... summoned by Natasha
              (3 damage)
             ... on level 2 of the Dungeon.
             The game lasted 00:01:59 (1322 turns).

runemasterragnar the Chopper (Coglin Gladiator)     Turns: 1322, Time: 00:02:00

Health: -1/28      AC:  4    Str: 16    XL:     3   Next: 91%
Magic:  3/3        EV: 12    Int:  7    God:
Gold:   49         SH:  0    Dex: 15    Spells: 2/2 levels left

rFire   . . .        a - +0 war axe {Septimus}
rCold   . . .        f - +0 dagger {Wilburh}
rNeg    . . .        b - +0 leather armour
rPois   .            c - +0 helmet
rElec   .            (no cloak)
rCorr   .            (no gloves)
SInv    .            (no boots)
Will    .....        (amulet unavailable)
Stlth   +            (ring unavailable)
HPRegen 0.24/turn    (ring unavailable)
MPRegen 0.08/turn    (no gizmo)

%: no passive effects
@: revved
A: off-hand wielding, slow wielding, warmup strikes, no jewellery
a: Invent Gizmo


You were on level 2 of the Dungeon.
You visited 1 branch of the dungeon, and saw 2 of its levels.

You collected 49 gold pieces.

Inventory:

Hand Weapons
 a - a +0 war axe (weapon) {Septimus}
 f - a +0 dagger (offhand) {Wilburh}
Missiles
 d - 3 throwing nets (quivered)
 e - a javelin
Armour
 b - a +0 leather armour (worn)
 c - a +0 helmet (worn)
Scrolls
 g - 3 scrolls of identify {unknown}
 i - 3 scrolls of teleportation {unknown}
 l - a scroll of fog {unknown}
Potions
 h - 2 potions of curing {unknown}
 j - a potion of brilliance {unknown}
 k - a potion of invisibility {unknown}
 m - a potion of might {unknown}
 n - a potion of heal wounds {unknown}


   Skills:
 + Level 2.5 Fighting
 * Level 3.7 Axes
 + Level 2.3 Throwing
 + Level 1.1 Armour
 - Level 2.6 Dodging


You had 2 spell levels left.
You didn't know any spells.
Your spell library was empty.

Dungeon Overview and Level Annotations

Branches:
Dungeon (2/15)

Altars:

Annotations:
D:2 Natasha


Innate Abilities, Weirdness & Mutations

You can wield a second weapon in your off-hand.
It takes a long time for you to wield or remove held weapons.
Your first few attacks do less damage.
You cannot equip rings or amulets.


Message History

You hit Natasha with your +0 dagger. Natasha claws you.
The cerulean imp hits you with a +1 spear.
You are too injured to fight recklessly!
You are too injured to fight recklessly!
Unknown command.
You are too injured to fight recklessly!
There are monsters nearby!
You are too injured to fight recklessly!
There are monsters nearby!
You are too injured to fight recklessly!
You are too injured to fight recklessly!
You are too injured to fight recklessly!
You closely miss Natasha with your +0 war axe.
Natasha is heavily wounded.
You hit the cerulean imp but do no damage.
You closely miss Natasha with your +0 dagger.
The cerulean imp closely misses you. Natasha barely misses you.
You hit Natasha with your +0 dagger.
Natasha is heavily wounded.
You hit Natasha with your +0 war axe.
You barely miss the cerulean imp with your +0 war axe.
The cerulean imp hits you with a +1 spear.
Natasha claws you.
You hit Natasha but do no damage.
Natasha is severely wounded.
You barely miss Natasha with your +0 war axe.
You hit the cerulean imp but do no damage.
Natasha hisses.
Natasha claws you.
* * * LOW HITPOINT WARNING * * *
The cerulean imp closely misses you.
You hit Natasha but do no damage.
Natasha is severely wounded.
You hit Natasha with your +0 war axe.
You hit the cerulean imp but do no damage.
Natasha claws you.
* * * LOW HITPOINT WARNING * * *
The cerulean imp hits you but does no damage.
The cerulean imp hits you with a +1 spear.
You die...

#.#...# #.######
#......# #......#
#......#
#.###.##########
#........)......
#.######.##.....###
#..h@5.............
########........###
#........#
#........#
#........#
#........#
...###### ###


You could see Natasha and a cerulean imp (summoned).

Vanquished Creatures
  An adder (D:2)
  A dart slug (D:1)
  3 endoplasms
  A giant cockroach (D:1)
  4 goblins
  3 hobgoblins
  7 jackals
  4 kobolds
  2 quokkas (D:1)
  3 ball pythons (D:1)
  2 bats (D:1)
  4 frilled lizards (D:1)
  4 rats
39 creatures vanquished.

Notes
Turn   | Place    | Note
-------+----------+-------------------------------------------
     0 | D:1      | runemasterragnar the Coglin Gladiator began the quest for
                  | the Orb.
     0 | D:1      | Reached XP level 1. HP: 16/16 MP: 1/1
   151 | D:1      | Reached XP level 2. HP: 22/22 MP: 2/2
   404 | D:1      | Reached XP level 3. HP: 27/27 MP: 3/3
   891 | D:2      | Reached skill level 1 in Armour
  1313 | D:2      | Noticed Natasha
  1322 | D:2      | Slain by a cerulean imp

Illustrated notes

Levels and vault maps discovered:
D:1:      scummos_arrival_simple_fountains, layout_basic, minmay_domino_4
D:2:      layout_basic, uniq_natasha

Skill      XL: |  1  2  3 |
---------------+----------+-----
Throwing       | 2 |  2.3
Armour         | 1 |  1.1
Fighting       | |  2.5
Axes           | |  3.7
Dodging        | |  2.6

Action                     || total
---------------------------++-------
  Melee: Dagger            ||    79
         War axe           ||    86
   Stab: Sleeping          ||     2
 Armour: Leather armour    ||    66
  Dodge: Dodged            ||    58

Table legend: (Time is in decaauts)
 A = Elapsed time spent in this place.
 B = Non-inter-level travel time spent in this place.
 C = Inter-level travel time spent in this place.
 D = Time resting spent in this place.
 E = Time spent auto-exploring this place.
 F = Levels seen in this place.
 G = Mean time per level.
                   A        B        C        D        E       F      G
               +--------+--------+--------+--------+--------+-----+--------+
         Total |   1337 |   1331 |      6 |      0 |   1104 |   2 |  668.5 |
       Dungeon |   1337 |   1331 |      6 |      0 |   1104 |   2 |  668.5 |
               +--------+--------+--------+--------+--------+-----+--------+

Top non-repeatable levels by time:
     D:1: 777 daAuts
     D:2: 559 daAuts
